 Dungeon Crawl Stone Soup version 0.28.0-62-gf88900778d (webtiles) character file.

Game seed: 14198436465937110418

112 Coron the Chopper (level 4, -6/44 HPs)
             Began as a Deep Dwarf Chaos Knight on Mar 25, 2023.
             Was a Plaything of Xom.
             Mangled by a gnoll
             ... wielding a +0 flail
              (11 damage)
             ... on level 3 of the Dungeon.
             The game lasted 00:07:28 (1090 turns).

Coron the Chopper (Deep Dwarf Chaos Knight)         Turns: 1090, Time: 00:07:29

Health: -6/44      AC:  6    Str: 18    XL:     4   Next: 64%
Magic:  4/4        EV: 12    Int: 12    God:    Xom [......]
Gold:   29         SH:  0    Dex: 12    Spells: 3/3 levels left

rFire   . . .      SeeInvis .   a - +0 hand axe (chaos)
rCold   . . .      Faith    .   (no shield)
rNeg    . . .      Spirit   .   b - +2 leather armour
rPois   .          Reflect  .   (no helmet)
rElec   .          Harm     .   n - +0 cloak
rCorr   .          Rampage  .   (no gloves)
Will    .....                   (no boots)
Stlth   +.........              (no amulet)
HPRegen 0.00/turn               (no ring)
MPRegen 0.09/turn               (no ring)

@: hasted, very quick
A: damage resistance, heal wounds, sense surroundings 1, no regeneration
a: Heal Wounds, Renounce Religion


You were on level 3 of the Dungeon.
You worshipped Xom.
You were a very special plaything of Xom.
You visited 1 branch of the dungeon, and saw 3 of its levels.

You collected 29 gold pieces.

Inventory:

Hand Weapons
 a - a +0 hand axe of chaos (weapon)
Missiles
 c - 3 javelins (quivered)
Armour
 b - a +2 leather armour (worn)
 f - a +0 scale mail
 n - a +0 cloak (worn)
Scrolls
 d - a scroll of fog {unknown}
 g - a scroll of brand weapon {unknown}
 h - a scroll of holy word {unknown}
 j - a scroll of immolation {unknown}
 m - a scroll of amnesia
Potions
 e - a potion of lignification
 i - 2 potions of resistance


   Skills:
 - Level 4.0 Fighting
 - Level 4.0 Axes
 + Level 3.0 Armour
 - Level 2.0 Dodging


You had 3 spell levels left.
You didn't know any spells.
Your spell library was empty.

Dungeon Overview and Level Annotations

Branches:
Dungeon (3/15)

Altars:


Innate Abilities, Weirdness & Mutations

You are resistant to damage.
You can heal yourself by infusing magical energy.
You passively map a small area around you.
You do not regenerate.


Message History

The jackal barks!
You slash the gnoll!
The gnoll flickers and vanishes!
Deactivating autopickup; reactivate with Ctrl-A.
Xom is highly amused!
You miss the jackal. You closely miss the gnoll.
You hear a shout!
The gnoll hits you from afar with a +0 spear.
The jackal bites you but does no damage.
Something hits you. The gnoll hits you with a +0 flail!
* * * LOW HITPOINT WARNING * * *
You miss something. You hit the gnoll.
The gnoll seems to grow stronger.
Xom thinks this is hilarious!
You hit the jackal but do no damage.
The jackal is poisoned.
The jackal bites you but does no damage.
The gnoll hits you from afar with a +0 spear.
* * * LOW HITPOINT WARNING * * *
Something hits you.
* * * LOW HITPOINT WARNING * * *
The gnoll closely misses you. The jackal barely misses you.
The gnoll hits you from afar with a +0 spear.
You feel better.
The jackal bites you but does no damage.
Something hits you.
* * * LOW HITPOINT WARNING * * *
The gnoll barely misses you.
The gnoll hits you from afar with a +0 spear.
* * * LOW HITPOINT WARNING * * *
You feel better. The jackal misses you. Something hits you.
* * * LOW HITPOINT WARNING * * *
The gnoll hits you but does no damage. The gnoll barely misses you.
The jackal closely misses you.
Unknown command.
You aren't carrying any items that you can evoke.
Okay, then.
It was a potion of haste.
You feel yourself speed up.
Xom roars with laughter!
You kill the jackal!
Something hits you but does no damage. The gnoll hits you with a +0 flail!
You die...
Xom cackles wildly!

############
#####.......>..#################
#...#.#..........h.##............
#.#.....#.....○###.l.............
#....#........§{@gg.#............
#.#.....#......##Sho.............
#...##..........###..............
##.###.##...(...####o..#.##......
#.# #.............##............
#.# #########.###....##.....#...
#†# #.# ####....o....... #.# #..
#####.#...... #.############.# *
#.#......


You could see an orc wizard, 2 gnolls, an adder, an orc, a jackal and a frilled
lizard.

Vanquished Creatures
  6 adders (D:2)
  A worm (D:2)
  9 ball pythons (D:2)
  3 bats
  4 endoplasms
  5 giant cockroaches
  5 goblins
  A hobgoblin (D:2)
  A jackal (D:3)
  2 quokkas (D:1)
  4 frilled lizards
  3 kobolds (D:1)
  4 rats
48 creatures vanquished.

Vanquished Creatures (collateral kills)
  An adder (D:2)
1 creature vanquished.

Grand Total: 49 creatures vanquished

Notes
Turn   | Place    | Note
-------+----------+-------------------------------------------
     0 | D:1      | Coron the Deep Dwarf Chaos Knight began the quest for the
                  | Orb.
     0 | D:1      | Reached XP level 1. HP: 20/20 MP: 1/1
    93 | D:1      | Reached XP level 2. HP: 27/27 MP: 2/2
   322 | D:1      | XOM: cloud trail
   329 | D:1      | Found a faded altar of an unknown god.
   378 | D:1      | XOM: divination: magic mapping
   495 | D:2      | Reached XP level 3. HP: 34/34 MP: 3/3
   794 | D:2      | Reached XP level 4. HP: 34/42 MP: 4/4
   808 | D:2      | XOM: divination: magic mapping
  1085 | D:3      | XOM: smoke on damage
  1087 | D:3      | HP: 2/44 [something (4)]
  1090 | D:3      | Mangled by a gnoll

Illustrated notes

Levels and vault maps discovered:
D:1:      dpeg_arrival_water_temple_mockup, layout_rooms,
          shapermc_ecumenical_altar_ellora, nrook_mini_backslash
D:2:      layout_rooms, minivault_19, minmay_snake_closets
D:3:      layout_rooms, chequers_temple_overflow_minitemple, serial_shops,
          nicolae_diamond_shop, st_stairs_7, minmay_misc_feat_five

Skill      XL: |  1  2  3  4 |
---------------+-------------+-----
Fighting       | 3 4 |  4.0
Dodging        | 2 |  2.0
Axes           | 4 |  4.0
Armour         | 3 |  3.0

Action                   |  1- 3 |  4- 6 || total
-------------------------+-------+-------++-------
Melee: Hand axe          |    77 |    33 ||   110
       Punch             |     2 |     1 ||     3
Throw: Javelin           |    12 |     1 ||    13
 Abil: Heal Wounds       |     1 |       ||     1
  Use: Scroll            |     3 |     2 ||     5
       Potion            |       |     3 ||     3
Armor: Leather armour    |    20 |    17 ||    37
Dodge: Dodged            |    26 |    26 ||    52
